 Dungeon Crawl Stone Soup version 0.28.0-43-g3370ac3207 (webtiles) character file.

Game seed: 17182588870145501838

396 tizbic2 the Slasher (level 6, 0/45 HPs)
             Began as a Ghoul Gladiator on Mar 12, 2022.
             Was a Believer of Hepliaklqana.
             Killed by divine providence
             ... invoked by an orc priest
              (13 damage)
             ... on level 4 of the Dungeon.
             The game lasted 00:12:23 (2760 turns).

tizbic2 the Slasher (Ghoul Gladiator)               Turns: 2760, Time: 00:12:25

Health: 0/45       AC: 13    Str: 20    XL:     6   Next: 83%
Magic:  5/5        EV:  6    Int:  3    God:    Hepliaklqana [**....]
Gold:   125        SH:  0    Dex: 10    Spells: 5/5 levels left

rFire   . . .      SeeInvis .   i - +0 falchion
rCold   + . .      Faith    .   (no shield)
rNeg    + + +      Spirit   .   l - +0 plate armour
rPois   ∞          Reflect  .   n - +1 helmet
rElec   .          Harm     .   (no cloak)
rCorr   .          Rampage  .   (no gloves)
Will    .....                   (no boots)
Stlth   ..........              (no amulet)
HPRegen 0.00/turn               (no ring)
MPRegen 0.09/turn               (no ring)

@: inhibited regen
A: reduced essence, claws 1, cold resistance 1, negative energy resistance 3,
inhibited regeneration, torment resistance 2
a: Renounce Religion, Recall Ancestor, Ancestor Identity


You were on level 4 of the Dungeon.
You worshipped Hepliaklqana.
Hepliaklqana was pleased with you.
You visited 1 branch of the dungeon, and saw 4 of its levels.

You collected 125 gold pieces.

Inventory:

Hand Weapons
 a - a +0 long sword
 i - a +0 falchion (weapon)
Missiles
 b - 77 stones (quivered)
 d - 3 throwing nets
Armour
 l - a +0 plate armour (worn)
 n - a +1 helmet (worn)
Jewellery
 m - a ring of fire
Scrolls
 c - a scroll of enchant weapon {unknown}
 e - a scroll of teleportation
Potions
 f - a potion of magic
 h - 2 potions of attraction
 k - a potion of haste {unknown}


   Skills:
 + Level 3.6 Fighting
 * Level 4.4 Long Blades
 * Level 3.9 Throwing
 + Level 2.2 Armour
 - Level 2.6 Dodging


You had 5 spell levels left.
You didn't know any spells.
Your spell library contained the following spells:

 Spells                   Type           Power      Damage    Failure   Level
 Corpse Rot               Necr/Air       0%         N/A       100%        2
 Poisonous Vapours        Pois/Air       0%         N/A       100%        2


Dungeon Overview and Level Annotations

Branches:
Dungeon (4/15)
 Temple: D:4-7

Altars:
Hepliaklqana
Wu Jian


Innate Abilities, Weirdness & Mutations

Your life essence is reduced to manifest your ancestor. (-10% HP)
You thrive by killing the living.
You are immune to poison.
You have sharp fingernails.
Your flesh is cold resistant. (rC+)
You are immune to negative energy. (rN+++)
You do not regenerate when monsters are visible.
You are immune to unholy pain and torment.


Message History

The orc barely misses Zolin.
You closely miss the orc priest.
The orc priest is severely wounded.
The orc priest hits you with a +0 club. The orc hits you with a +0 hand axe.
You hit the orc priest.
The orc priest is almost dead.
The orc priest hits you but does no damage.
The orc hits you but does no damage.
Zolin completely misses the orc priest.
Zolin misses the orc.
You barely miss the orc.
The orc priest begins to cast a cantrip, but forgets the words!
The orc hits Zolin with a +0 dagger.
Zolin closely misses the orc.
You hit the orc.
The orc is moderately wounded.
The orc hits Zolin but does no damage.
The orc barely misses you.
The orc priest calls upon Beogh to heal the orc.
The orc's wounds heal themselves!
The orc hits Zolin with a +0 dagger.
Zolin hits the orc with a +0 flail!
The orc dies!
You closely miss the orc wizard.
Zolin blocks the orc's attack.
Zolin hits the orc wizard with a +0 flail!
The orc priest invokes the aid of Beogh against you.
Beogh smites you!
* * * LOW HITPOINT WARNING * * *
The orc hits Zolin with a +0 hand axe!
The orc wizard hits you but does no damage.
You hit the orc wizard but do no damage.
The orc wizard is heavily wounded.
The orc hits Zolin but does no damage.
Zolin barely misses the orc.
Zolin blocks the orc's attack.
The orc wizard hits you but does no damage.
You closely miss the orc wizard.
The orc wizard is heavily wounded.
The orc hits Zolin but does no damage.
Zolin hits the orc with a +0 flail.
The orc dies!
The orc wizard hits you but does no damage.
The orc priest mumbles some strange prayers to Beogh against you.
Beogh smites you!
You die...

.........................
.........................
.P.P.P.P.P.P.P.P.P.P.P.P.
..........................
..........................
..........................
P.P.P.P.P.P.P.P.P.P.P.P.P.
......o..................
......oR@................
...##o#o##....##.........
#..oo#.....###....###.
.........#.......#....# #.
.....................## #.
......................# ##
.....###..........>....###
..... ##..................
.#.. #..................#


You could see the friendly Zolin the knight, 2 orc priests, an orc wizard and 3
orcs.

Vanquished Creatures
  A phantom (D:4)
  A hound (D:3)
  A bullfrog skeleton (D:3)
  A gnoll (D:1)
  3 adders
  An adder skeleton (D:2)
  2 worms (D:3)
  A dart slug (D:1)
  An orc (D:3)
  2 ball pythons (D:1)
  An endoplasm (D:3)
  A giant cockroach (D:3)
  4 hobgoblins
  5 jackals
  A quokka (D:2)
  3 bats
  3 frilled lizards
  6 goblins
  A kobold (D:3)
  4 rats
43 creatures vanquished.

Vanquished Creatures (collateral kills)
  A necrophage (D:3)
  An iguana (D:4)
  2 adders (D:3)
  3 worms
  2 dart slugs (D:3)
  3 orcs (D:4)
  An endoplasm (D:1)
  2 giant cockroaches
  3 hobgoblins
  3 jackals (D:4)
  A quokka (D:3)
  A bat (D:2)
  A frilled lizard (D:2)
  A goblin (D:4)
  2 kobolds (D:1)
  A rat (D:1)
28 creatures vanquished.

Vanquished Creatures (others)
  An ancestor (D:2)
1 creature vanquished.

Grand Total: 72 creatures vanquished

Notes
Turn   | Place    | Note
-------+----------+-------------------------------------------
     0 | D:1      | tizbic2 the Ghoul Gladiator began the quest for the Orb.
     0 | D:1      | Reached XP level 1. HP: 17/17 MP: 0/0
    54 | D:1      | Found a faded altar of an unknown god.
    62 | D:1      | Prayed at the altar of an unknown god.
    62 | D:1      | Became a worshipper of Hepliaklqana the Forgotten
    62 | D:1      | Reached * piety under Hepliaklqana
   179 | D:1      | Reached skill level 3 in Long Blades
   179 | D:1      | Reached XP level 2. HP: 15/22 MP: 1/1
   575 | D:1      | Reached XP level 3. HP: 27/27 MP: 2/2
  1180 | D:2      | Reached skill level 1 in Armour
  1273 | D:2      | Reached XP level 4. HP: 25/33 MP: 3/3
  1275 | D:2      | Reached ** piety under Hepliaklqana
  1276 | D:2      | Remembered your ancestor Zolin as a knight
  1633 | D:3      | Found an ornate altar of the Wu Jian Council.
  1649 | D:3      | Noticed a necrophage
  1658 | D:3      | Killed a necrophage
  1659 | D:3      | Reached XP level 5. HP: 38/40 MP: 4/4
  1673 | D:3      | Reached skill level 4 in Long Blades
  1962 | D:3      | Reached XP level 6. HP: 45/45 MP: 5/5
  2760 | D:4      | Killed from afar by an orc priest

Illustrated notes

Levels and vault maps discovered:
D:1:      dpeg_arrival_court, layout_basic,
          hellmonk_ecumenical_altar_pennies_from_heaven,
          nicolae_figureground_sparkle
D:2:      layout_loops_ring
D:3:      layout_basic, mainiacjoe_overflow_paths, st_stairs_10
D:4:      layout_cave_pools, nicolae_qazlal_eye_of_the_storm,
          minmay_temple_entry_glassed_door, serial_park, serial_park_avenue1,
          serial_park_square3 [serial_park_minivault_5x5_4], serial_park_tiny_2,
          st_stairs_9, hangedman_decor_riveting

Skill      XL: |  1  2  3  4  5  6 |
---------------+-------------------+-----
Throwing       | 2 3 |  3.9
Long Blades    | 3 4 |  4.4
Armour         | 1 2 |  2.2
Fighting       | 3 |  3.6
Dodging        | |  2.6

Action                   |  1- 3 |  4- 6 || total
-------------------------+-------+-------++-------
Melee: Long sword        |    34 |    28 ||    62
       Falchion          |    51 |    80 ||   131
       Punch             |     1 |       ||     1
Throw: Stone             |    20 |     7 ||    27
Invok: Ancestor Life: Kn |       |     1 ||     1
       Recall Ancestor   |       |     1 ||     1
  Use: Scroll            |       |     4 ||     4
       Potion            |       |     4 ||     4
Armor: Scale mail        |    63 |     3 ||    66
       Plate armour      |       |   117 ||   117
Dodge: Dodged            |    72 |    47 ||   119
